 Dungeon Crawl Stone Soup version 0.31-a0-325-g067879e3d3 (webtiles) character file.

Game seed: 17301108475586834362

12278 Newt the Fighter (level 11, 0/95 HPs)
             Began as a Barachi Fighter on July 18, 2023.
             Was an Elder of the Shining One.
             Slain by a cane toad (6 damage)
             ... on level 1 of the Lair of Beasts.
             The game lasted 00:14:28 (9275 turns).

Newt the Fighter (Barachi Fighter)                  Turns: 9275, Time: 00:14:29

Health: 0/95       AC: 11    Str: 22    XL:     11   Next: 90%
Magic:  18/18      EV: 15    Int:  8    God:    the Shining One [****..]
Gold:   588        SH: 15    Dex: 12    Spells: 10/10 levels left

rFire   . . .        a - +2 long sword (venom)
rCold   . . .        H - +0 kite shield
rNeg    + + .        C - +0 steam dragon scales
rPois   .            r - +0 helmet
rElec   .            D - +0 cloak
rCorr   .            (no gloves)
SInv    .            v - +1 pair of boots
Will    .....        o - amulet of reflection
Stlth   +            h - +4 ring of slaying
HPRegen 0.35/turn    f - +5 ring of evasion
MPRegen 0.16/turn

%: reflection
@: glowing, slow
A: amphibious, slowness 1, strong legs 1, +LOS
a: Hop, Renounce Religion, Divine Shield, Cleansing Flame


You were on level 1 of the Lair of Beasts.
You worshipped the Shining One.
The Shining One was greatly pleased with you.
You visited 2 branches of the dungeon, and saw 11 of its levels.

You collected 588 gold pieces.

Inventory:

Hand Weapons
 a - a +2 long sword of venom (weapon)
 A - a +3 short sword
Missiles
 n - 20 poisoned darts
 t - 3 javelins
Armour
 b - a +0 scale mail
 c - a +0 buckler
 g - a +2 leather armour of willpower
 k - a +0 pair of boots
 r - a +0 helmet (worn)
 v - a +1 pair of boots (worn)
 w - a +3 leather armour
 C - +0 steam dragon scales (worn)
 D - a +0 cloak (worn)
 H - a +0 kite shield (worn)
 L - +0 acid dragon scales
Jewellery
 f - a +5 ring of evasion (right hand)
 h - a +4 ring of slaying (left hand)
 j - an amulet of magic regeneration
 m - an amulet of regeneration
 o - an amulet of reflection (around neck)
 z - a +6 ring of intelligence
 I - the ring of Rusm {rC++ rCorr Str+6 Slay-3 Stlth+}
   (You found it on level 9 of the Dungeon)

   [ring of strength]

   Str:       It affects your strength (+6).
   Slay:      It affects your accuracy & damage with ranged weapons and melee
   (-3).
   rC:        It greatly protects you from cold.
   rCorr:     It protects you from acid and corrosion.
   Stlth:     It makes you more stealthy.
Wands
 q - a wand of charming (7)
 s - a wand of flame (18)
 F - a wand of digging (6)
Scrolls
 u - 3 scrolls of blinking
 y - 3 scrolls of fog
 G - a scroll of teleportation
Potions
 d - 3 potions of invisibility
 e - 3 potions of ambrosia
 i - 7 potions of magic
 l - 2 potions of brilliance
 p - 2 potions of cancellation
 x - a potion of haste {unknown}
 B - a potion of might
 E - a potion of attraction {unknown}
 K - a potion of mutation {unknown}
 M - a potion of heal wounds


   Skills:
 - Level 12.0 Fighting
 - Level 10.0 Long Blades
 - Level 8.0 Armour
 + Level 8.0 Shields
 - Level 10.0 Invocations


You had 10 spell levels left.
You didn't know any spells.
Your spell library contained the following spells:

 Spells                   Type           Power      Damage    Failure   Level
 Slow                     Hex            0%         N/A       63%         1
 Cigotuvi's Dreadful Rot  Necr/Pois/Air  0%         N/A       77%         2
 Confusing Touch          Hex            0%         N/A       94%         3
 Gell's Gravitas          Tloc           0%         N/A       94%         3
 Ignite Poison            Fire/Tmut/Pois 0%         N/A       94%         3
 Inner Flame              Hex/Fire       0%         N/A       94%         3
 Teleport Other           Tloc           0%         N/A       94%         3
 Vampiric Draining        Necr           0%         2d6       94%         3
 Freezing Cloud           Conj/Ice/Air   0%         6-21      100%        5
 Yara's Violent Unravell  Hex/Tmut       0%         3d3       100%        5
 Dispersal                Tloc           0%         N/A       100%        6
 Enfeeble                 Hex            0%         N/A       100%        7


Dungeon Overview and Level Annotations

Branches:
Dungeon (10/15)            Temple (0/1) D:5            Lair (1/5) D:9
    Orc: D:9-12

Altars:
Fedhas
Gozag
Hepliaklqana
Kikubaaqudgha
Nemelex Xobeh
Ru
Uskayaw
Yredelemnul
Zin
The Shining One

Shops:
D:6 =[**   D:7 (

Annotations:
D:6 3 runed translucent doors, Newt's ghost, novice DsGl


Innate Abilities, Weirdness & Mutations

You are amphibious.
You cover ground slowly.
You can hop short distances.
You have an extended range of vision and can be seen from far away.


Message History

Unknown command.
The cane toad stings the plant!
The plant begins to die.
Unknown command.
You block the cane toad's attack.
Unknown command.
The cane toad attacks as you move away! You block the cane toad's attack.
The cane toad barely misses you.
Unknown command.
You hit the cane toad.
The cane toad is heavily wounded.
The cane toad stings you but does no damage.
Unknown command.
You hit the cane toad.
The cane toad is severely wounded.
The cane toad stings you.
* * * LOW HITPOINT WARNING * * *
You are poisoned.
The cane toad poisons you!
Unknown command.
You hit the cane toad.
The cane toad is severely wounded.
* * * LOW HITPOINT WARNING * * *
You feel very sick.
A nearby plant withers and dies.
The cane toad completely misses you.
Unknown command.
You feel better. The cane toad stings you!
* * * LOW HITPOINT WARNING * * *
You block the cane toad's attack.
Unknown command.
Aiming: Charm
Press: ? - help, Shift-Dir - straight line, f - cane toad
Aim: a cane toad (severely wounded, poisoned, haloed, chance to affect: 49%)
The cane toad resists with some effort.
You block the cane toad's attack.
Aiming: Charm
Press: ? - help, Shift-Dir - straight line, f/p - cane toad
Aim: a cane toad (severely wounded, poisoned, haloed, chance to affect: 49%)
The cane toad resists with some effort.
The cane toad stings you.
You die...

##.#..# # #P. ..#
.. #.##.# #.#
##..P.####...#..#
#................
####..#.P.P..##..
#.F#####..# ##F#
^.# #@# #.P# #.#
..## #.# #.##
#.## ... #.P# #.#
#..#####.## .#
#.........###.###
#####...........#
#.#...###..#


You could see 2 cane toads.

Vanquished Creatures
  A centaur warrior (D:9)
  A two-headed ogre (D:9)
  The ghost of knightboat the Skirmisher, a novice DrSh of Okawaru (D:5)
  Joseph (D:8)
  A cane toad (Lair:1)
  A troll (D:9)
  A hornet (D:8)
  Grinder (D:4)
  A shadow (D:9)
  2 wraiths (D:10)
  17 yaks
  3 wyverns
  2 steam dragons
  2 acid dragons
  5 water moccasins
  2 orc warriors (D:5)
  A black bear (D:9)
  A sky beast (D:7)
  An ice beast (D:5)
  3 ogres
  9 centaurs
  A phantom (D:5)
  2 kobold brigands (D:8)
  3 bullfrogs (D:9)
  Blork the orc (D:4)
  2 scorpions (D:6)
  2 gnoll sergeants (D:9)
  10 wights
  29 killer bees
  8 howler monkeys
  4 hounds
  7 orc priests
  A gnoll bouda (D:5)
  A sleepcap (D:5)
  Ijyb (D:4)
  5 iguanas
  3 orc wizards
  13 gnolls
  8 adders
  2 shadow imps (D:6)
  2 white imps
  3 ufetubi (D:5)
  7 worms
  5 dart slugs
  22 orcs
  6 ball pythons
  4 bats
  A bat zombie (D:5)
  12 endoplasms
  3 giant cockroaches
  5 goblins
  5 hobgoblins
  4 jackals (D:2)
  5 quokkas
  3 frilled lizards
  13 kobolds
  A rat (D:2)
  4 rat zombies (D:5)
265 creatures vanquished.

Notes
Turn   | Place    | Note
-------+----------+-------------------------------------------
     0 | D:1      | Newt the Barachi Fighter began the quest for the Orb.
     0 | D:1      | Reached XP level 1. HP: 18/18 MP: 1/1
   216 | D:1      | Reached skill level 4 in Fighting
   253 | D:1      | Reached XP level 2. HP: 19/26 MP: 2/2
   735 | D:1      | Reached XP level 3. HP: 28/32 MP: 3/3
   801 | D:1      | Found a faded altar of an unknown god.
   985 | D:2      | Reached skill level 5 in Fighting
  1874 | D:3      | Reached XP level 4. HP: 32/39 MP: 4/4
  2383 | D:4      | Noticed Ijyb
  2399 | D:4      | Killed Ijyb
  2450 | D:4      | Found a blossoming altar of Fedhas.
  2485 | D:4      | Noticed a wyvern
  2490 | D:4      | Killed a wyvern
  2491 | D:4      | Reached XP level 5. HP: 26/44 MP: 5/5
  2491 | D:4      | Reached XP level 6. HP: 31/51 MP: 6/6
  2655 | D:4      | Noticed Grinder
  2682 | D:4      | Killed Grinder
  2683 | D:4      | Reached skill level 5 in Armour
  2779 | D:4      | Reached XP level 7. HP: 50/56 MP: 7/7
  3098 | D:4      | Noticed Blork the orc
  3107 | D:4      | Killed Blork the orc
  3209 | D:4      | Found a basalt altar of Yredelemnul.
  3211 | D:4      | Found a sacrificial altar of Ru.
  3216 | D:4      | Found a hide-covered altar of Uskayaw.
  3216 | D:4      | Found a glowing silver altar of Zin.
  3216 | D:4      | Found a glowing golden altar of the Shining One.
  3312 | D:4      | Became a worshipper of the Shining One
  3372 | D:5      | Entered Level 5 of the Dungeon
  3392 | D:5      | Reached skill level 5 in Shields
  3527 | D:5      | Found a staircase to the Ecumenical Temple.
  3637 | D:5      | Reached skill level 6 in Fighting
  3637 | D:5      | Reached XP level 8. HP: 43/65 MP: 8/8
  3664 | D:5      | Found a transporter.
  3664 | D:5      | Noticed knightboat's ghost (novice DrSh)
  3789 | D:5      | Found a transporter.
  3794 | D:5      | Reached skill level 7 in Fighting
  3932 | D:5      | Reached skill level 8 in Fighting
  4050 | D:5      | Reached * piety under the Shining One
  4067 | D:5      | Found an ancient bone altar of Kikubaaqudgha.
  4220 | D:5      | Noticed a wyvern
  4230 | D:5      | Killed a wyvern
  4231 | D:5      | Reached skill level 9 in Fighting
  4264 | D:5      | Reached XP level 9. HP: 68/76 MP: 9/9
  4592 | D:5      | Killed knightboat's ghost
  4593 | D:5      | Reached skill level 10 in Fighting
  4638 | D:6      | Found Fale's Jewellery Shoppe.
  4658 | D:6      | Reached ** piety under the Shining One
  4854 | D:6      | Found a runed translucent gate.
  4855 | D:6      | Found a runed translucent gate.
  4856 | D:6      | Found a runed translucent gate.
  4866 | D:6      | Noticed Newt's ghost (novice DsGl)
  5028 | D:6      | Reached skill level 11 in Fighting
  5058 | D:6      | Found a sparkling altar of Nemelex Xobeh.
  5243 | D:6      | Found Ruuloud's General Store.
  5293 | D:6      | Found Yneekk's Armour Shop.
  5449 | D:6      | Found a hazy altar of Hepliaklqana.
  5581 | D:6      | Found Yxenas's General Store.
  5810 | D:7      | Found an opulent altar of Gozag.
  5888 | D:7      | Reached skill level 12 in Fighting
  6070 | D:7      | Found Dopid's Antique Weapon Shop.
  6113 | D:7      | Reached XP level 10. HP: 69/89 MP: 10/10
  6558 | D:8      | Identified the +5 ring mail of Xech {Contam Harm rC+
                  | Stlth+}
  6615 | D:8      | Reached skill level 10 in Long Blades
  6621 | D:8      | Paralysed by a hornet for 2 turns
  6629 | D:8      | Paralysed by a hornet for 2 turns
  6633 | D:8      | Reached skill level 1 in Invocations
  6837 | D:8      | Noticed Joseph
  6839 | D:8      | Reached *** piety under the Shining One
  6866 | D:8      | Killed Joseph
  7446 | D:9      | Reached skill level 5 in Invocations
  7466 | D:10     | Entered Level 10 of the Dungeon
  7602 | D:10     | Reached XP level 11. HP: 95/95 MP: 14/16
  8053 | D:9      | Noticed a two-headed ogre
  8062 | D:9      | Killed a two-headed ogre
  8397 | D:9      | Found a staircase to the Lair.
  8447 | D:9      | Noticed a centaur warrior
  8689 | D:9      | Identified the ring of Rusm {rC++ rCorr Str+6 Slay-3
                  | Stlth+}
  8794 | D:9      | Killed a centaur warrior
  8795 | D:9      | Reached skill level 10 in Invocations
  9145 | Lair:1   | Entered Level 1 of the Lair of Beasts
  9157 | Lair:1   | Reached **** piety under the Shining One
  9275 | Lair:1   | Slain by a cane toad

Illustrated notes

Levels and vault maps discovered:
D:1:      minmay_arrival_radiant_lines, layout_loops_ring,
          shapermc_ecumenical_altar_notcrosses, minmay_misc_feat_secret_circle,
          minmay_distorted
D:2:      layout_basic, minmay_cut_off
D:3:      layout_rooms
D:4:      nicolae_cairo_tiling_large, layout_rooms, fedhas_altar_3, minitemple,
          roderic_lattice_a, uniq_blork_the_orc, uniq_grinder, uniq_ijyb
D:5:      minmay_thinvault, layout_loops_cross,
          lemuel_zombie_altar_kikubaaqudgha, minmay_temple_entry_overgrown,
          gammafunk_ghost_arena, nicolae_wormholes
D:6:      layout_loops_ring, nicolae_hepliaklqana_hazy_memory,
          nemelex_dance_club_becter, serial_shops, nicolae_shop_rolling_square,
          shop, shop, shop, gammafunk_ghost_split
D:7:      layout_loops_ring, mainiacjoe_overflow_surrounded_room, serial_shops,
          nicolae_shop_gibbet_a_chance
D:8:      layout_rooms, uniq_joseph
D:9:      minmay_spotlight, layout_basic, due_lair_maze_entry_diamond,
          lightli_fourway_metalbox
D:10:     layout_cave_pools
Lair:1:   layout_loops_ring

Skill      XL: |  1  2  3  4  5  6  7  8  9 10 11 |
---------------+----------------------------------+-----
Fighting       | 4 5 6 9 12 | 12.0
Long Blades    | 3 6 7 8 10 | 10.0
Armour         | 5 7 8 |  8.0
Shields        | 6 8 |  8.0
Invocations    | 6 10 | 10.0

Action                     |  1- 3 |  4- 6 |  7- 9 | 10-12 || total
---------------------------+-------+-------+-------+-------++-------
  Melee: Long sword        |   125 |    72 |   356 |   377 ||   930
  Throw: Dart              |       |     2 |       |       ||     2
Ability: Hop               |       |     1 |       |     3 ||     4
  Evoke: Wand              |       |       |       |     7 ||     7
    Use: Scroll            |     4 |     6 |     6 |     4 ||    20
         Potion            |       |       |     2 |     6 ||     8
 Armour: Scale mail        |    35 |       |       |       ||    35
         Leather armour    |    31 |    22 |   126 |     9 ||   188
         Steam dragon scal |       |       |       |   123 ||   123
  Dodge: Dodged            |    77 |    18 |   174 |   265 ||   534
  Block: Buckler           |    30 |    10 |    90 |   104 ||   234
         Kite shield       |       |       |       |    77 ||    77
         Reflection        |       |       |       |    10 ||    10

Table legend: (Time is in decaauts)
 A = Elapsed time spent in this place.
 B = Non-inter-level travel time spent in this place.
 C = Inter-level travel time spent in this place.
 D = Time resting spent in this place.
 E = Time spent auto-exploring this place.
 F = Levels seen in this place.
 G = Mean time per level.
                   A        B        C        D        E       F      G
               +--------+--------+--------+--------+--------+-----+--------+
         Total |  10528 |  10100 |    428 |   1492 |   6580 |  11 |  957.1 |
       Dungeon |  10385 |   9957 |    428 |   1492 |   6504 |  10 | 1038.5 |
          Lair |    143 |    143 |      0 |      0 |     75 |   1 |  143.0 |
               +--------+--------+--------+--------+--------+-----+--------+

Top non-repeatable levels by time:
     D:5: 1425 daAuts
     D:6: 1288 daAuts
     D:4: 1221 daAuts
     D:9: 1194 daAuts
     D:2: 1189 daAuts
     D:8: 1086 daAuts
     D:1: 995 daAuts
     D:7: 739 daAuts
    D:10: 712 daAuts
     D:3: 531 daAuts
  Lair:1: 143 daAuts
